 Dungeon Crawl Stone Soup version 0.28-a0-397-g1a7b1a870f (webtiles) character file.

Game seed: 3017400955474241183

1457 Decipherer the Poker (level 8, -9/67 HPs)
             Began as a Gnoll Berserker on Sept 4, 2021.
             Was a Priest of Trog.
             Mangled by a two-headed ogre (22 damage)
             ... on level 9 of the Dungeon.
             The game lasted 00:07:10 (5595 turns).

Decipherer the Poker (Gnoll Berserker)              Turns: 5595, Time: 00:07:11

Health: -9/67      AC: 15    Str: 21    XL:     8   Next: 76%
Magic:  22/22      EV:  8    Int:  8    God:    Trog [***...]
Gold:   236        SH:  0    Dex: 12    Spells: 14/14 levels left

rFire   x . .      SeeInvis +   r - +7 spear "Beastbane" {elec, rF- MP+9 Str+4 SInv}
rCold   . . .      Faith    .   (no shield)
rNeg    . . .      Spirit   .   v - +0 plate armour
rPois   .          Reflect  .   (no helmet)
rElec   .          Harm     .   (no cloak)
rCorr   +          Rampage  .   A - +0 pair of gloves
Will    .....                   s - +0 pair of boots
Stlth   ..........              (no amulet)
HPRegen 0.21/turn               B - ring of resist corrosion
MPRegen 0.18/turn               (no ring)

@: no status effects
A: fangs 1, strong nose, distributed training
a: Renounce Religion, Berserk, Trog's Hand


You were on level 9 of the Dungeon.
You worshipped Trog.
Trog was most pleased with you.
You visited 1 branch of the dungeon, and saw 7 of its levels.

You collected 236 gold pieces.

Inventory:

Hand Weapons
 r - the +7 spear "Beastbane" (weapon) {elec, rF- MP+9 Str+4 SInv}
   (You found it on level 4 of the Dungeon)

   It occasionally discharges a powerful burst of electricity upon striking a
   foe.
   Str:       It affects your strength (+4).
   rF:        It makes you vulnerable to fire.
   MP:        It affects your magic capacity (+9).
   SInv:      It lets you see invisible.
Missiles
 l - 16 poisoned darts (quivered)
 p - 2 throwing nets
 y - 4 boomerangs
Armour
 j - a +0 chain mail
 s - a +0 pair of boots (worn)
 v - a +0 plate armour (worn)
 A - a +0 pair of gloves (worn)
Jewellery
 b - a ring of ice
 B - a ring of resist corrosion (left hand)
Wands
 a - a wand of iceblast (4)
 n - a wand of acid (11)
Scrolls
 d - a scroll of enchant armour {unknown}
 e - a scroll of summoning {unknown}
 f - 3 scrolls of teleportation {unknown}
 g - 3 scrolls of enchant weapon {unknown}
 h - 4 scrolls of identify {unknown}
 m - a scroll of immolation {unknown}
 q - a scroll of amnesia {unknown}
 z - 3 scrolls of silence {unknown}
Potions
 c - 2 potions of haste
 i - a potion of experience {unknown}
 k - a potion of might {unknown}
 t - a potion of mutation {unknown}
 u - a potion of flight {unknown}


   Skills:
 + Level 7.5 Fighting
 + Level 3.5 Short Blades
 + Level 3.5 Long Blades
 + Level 3.5 Axes
 + Level 3.5 Maces & Flails
 + Level 7.5 Polearms
 + Level 3.5 Staves
 + Level 3.5 Slings
 + Level 3.5 Bows
 + Level 3.5 Crossbows
 + Level 3.5 Throwing
 + Level 5.8 Armour
 + Level 5.8 Dodging
 + Level 3.5 Stealth
 + Level 3.5 Shields
 + Level 3.5 Unarmed Combat
 + Level 3.5 Spellcasting
 + Level 2.9 Conjurations
 + Level 2.9 Hexes
 + Level 2.9 Summonings
 + Level 2.9 Necromancy
 + Level 2.9 Translocations
 + Level 2.9 Transmutations
 + Level 2.9 Fire Magic
 + Level 2.9 Ice Magic
 + Level 2.9 Air Magic
 + Level 2.9 Earth Magic
 + Level 2.9 Poison Magic
 + Level 3.9 Invocations
 + Level 3.5 Evocations


You had 14 spell levels left.
You didn't know any spells.
Your spell library contained the following spells:

 Spells                   Type           Power      Damage    Failure   Level
 Animate Skeleton         Necr           12%        N/A       89%         1
 Beastly Appendage        Tmut           12%        N/A       89%         1
 Pain                     Necr           24%        1d5       89%         1
 Slow                     Hex            6%         N/A       96%         2
 Wereblood                Tmut           6%         N/A       96%         2
 Confusing Touch          Hex            6%         N/A       99%         3
 Spider Form              Tmut/Pois      3%         N/A       99%         3
 Vampiric Draining        Necr           3%         2d6       99%         3


Dungeon Overview and Level Annotations

Branches:
Dungeon (6/15)             Temple (0/1) D:6

Altars:
Ashenzari

Shops:
D:4 **


Innate Abilities, Weirdness & Mutations

You have very sharp teeth.
Your uncanny sense of smell can sniff out nearby items.
Your experience applies equally to all skills.


Message History

j - a +0 chain mail You see here a +0 short sword.
Found 16 arrows.
Found a staircase to the Ecumenical Temple.
An adder comes into view.
The adder hisses angrily.
Found 9 gold pieces.
You puncture the adder! Lightning courses through the adder!
You kill the adder!
Trog accepts your kill.
You fall into a shaft and drop 3 floors!
The shaft crumbles and collapses.
Found 3 gold pieces.
Found a stone staircase leading down.
There is a stone staircase leading down here.
You now have 236 gold pieces (gained 3).
A bullfrog comes into view.
The bullfrog gives a loud, deep croak!
The bullfrog hits you but does no damage.
You hit the bullfrog. Lightning courses through the bullfrog!
The bullfrog is severely wounded.
The bullfrog misses you.
You hit the bullfrog.
The bullfrog is almost dead.
The bullfrog hits you but does no damage.
You puncture the bullfrog! Lightning courses through the bullfrog!
You kill the bullfrog!
Trog accepts your kill.
You see here a bullfrog corpse.
A two-headed ogre comes into view.
It is wielding a +0 giant spiked club and a +0 giant club.
Found a stone staircase leading up.
The two-headed ogre shouts in stereo!
The two-headed ogre hits you with a +0 giant spiked club!!
The two-headed ogre hits you with a +0 giant club!!
* * * LOW HITPOINT WARNING * * *
You hit the two-headed ogre.
Lightning courses through the two-headed ogre!
You bite the two-headed ogre, but do no damage.
The two-headed ogre is moderately wounded.
The two-headed ogre hits you with a +0 giant spiked club!!
You die...

∆
#######.#.
#.@O..<...
#.#####...
#.# #.#
#.# #†#
#.# #.#
#.#


You could see a two-headed ogre.

Vanquished Creatures
  The ghost of anet the Covert, a novice GnDe of Ashenzari (D:5)
  2 water moccasins (D:5)
  A black bear (D:5)
  An ice beast (D:5)
  An ogre (D:5)
  A bullfrog (D:9)
  A scorpion (D:5)
  A water moccasin skeleton (D:4)
  A hound (D:5)
  An orc priest (D:5)
  A jelly (D:6)
  A bullfrog skeleton (D:6)
  Terence (D:2)
  3 iguanas
  3 orc wizards
  A killer bee zombie (D:6)
  A hound zombie (D:5)
  5 adders
  2 white imps
  An ufetubus (D:5)
  2 adder skeletons (D:4)
  2 dart slugs (D:1)
  13 orcs
  5 endoplasms
  2 giant cockroaches
  7 goblins
  5 hobgoblins
  5 jackals
  3 quokkas
  13 ball pythons
  5 bats
  3 frilled lizards
  2 kobolds
  3 rats
100 creatures vanquished.

Notes
Turn   | Place    | Note
-------+----------+-------------------------------------------
     0 | D:1      | Decipherer the Gnoll Berserker began the quest for the Orb.
     0 | D:1      | Reached XP level 1. HP: 23/23 MP: 1/1
   221 | D:1      | Reached XP level 2. HP: 24/29 MP: 2/2
   419 | D:1      | Found a faded altar of an unknown god.
   726 | D:1      | Reached XP level 3. HP: 35/35 MP: 3/3
  1343 | D:2      | Reached skill level 1 in Invocations
  1482 | D:2      | Noticed Terence
  1491 | D:2      | Killed Terence
  1492 | D:2      | Reached skill level 1 in Short Blades
  1492 | D:2      | Reached skill level 1 in Long Blades
  1492 | D:2      | Reached skill level 1 in Axes
  1492 | D:2      | Reached skill level 1 in Maces & Flails
  1492 | D:2      | Reached skill level 1 in Staves
  1492 | D:2      | Reached skill level 1 in Slings
  1492 | D:2      | Reached skill level 1 in Bows
  1492 | D:2      | Reached skill level 1 in Crossbows
  1492 | D:2      | Reached skill level 1 in Throwing
  1492 | D:2      | Reached skill level 1 in Stealth
  1492 | D:2      | Reached skill level 1 in Shields
  1492 | D:2      | Reached skill level 1 in Unarmed Combat
  1492 | D:2      | Reached skill level 1 in Spellcasting
  1492 | D:2      | Reached skill level 1 in Evocations
  1492 | D:2      | Reached XP level 4. HP: 38/41 MP: 5/5
  1497 | D:2      | Reached ** piety under Trog
  2567 | D:3      | Reached skill level 1 in Conjurations
  2567 | D:3      | Reached skill level 1 in Hexes
  2567 | D:3      | Reached skill level 1 in Summonings
  2567 | D:3      | Reached skill level 1 in Necromancy
  2567 | D:3      | Reached skill level 1 in Translocations
  2567 | D:3      | Reached skill level 1 in Transmutations
  2567 | D:3      | Reached skill level 1 in Fire Magic
  2567 | D:3      | Reached skill level 1 in Ice Magic
  2567 | D:3      | Reached skill level 1 in Air Magic
  2567 | D:3      | Reached skill level 1 in Earth Magic
  2567 | D:3      | Reached skill level 1 in Poison Magic
  2915 | D:4      | Reached XP level 5. HP: 26/47 MP: 5/7
  2916 | D:4      | Found Xeheena's General Store.
  3113 | D:4      | Found Reelat Lerr's Specific Store.
  3189 | D:4      | Identified the +7 spear "Beastbane" {elec, rF- MP+9 Str+4
                  | SInv}
  3861 | D:5      | Entered Level 5 of the Dungeon
  3861 | D:5      | Noticed a black bear
  3872 | D:5      | Killed a black bear
  3873 | D:5      | Reached XP level 6. HP: 26/53 MP: 8/8
  3882 | D:5      | Reached skill level 5 in Armour
  3882 | D:5      | Reached skill level 5 in Dodging
  4180 | D:5      | Found a large runed translucent door.
  4180 | D:5      | Found a large runed translucent door.
  4276 | D:5      | Noticed anet's ghost (novice GnDe)
  4302 | D:5      | Noticed a water moccasin
  4321 | D:5      | Killed a water moccasin
  4322 | D:5      | Reached XP level 7. HP: 12/60 MP: 10/10
  4325 | D:5      | HP: 3/60 [poisoned by a water moccasin]
  4874 | D:5      | Found a broken altar of Ashenzari.
  4918 | D:5      | Reached XP level 8. HP: 37/67 MP: 12/12
  5409 | D:5      | Killed anet's ghost
  5456 | D:6      | Reached *** piety under Trog
  5560 | D:6      | Found a staircase to the Ecumenical Temple.
  5575 | D:6      | You fall into a shaft and drop 3 floors!
  5592 | D:9      | Noticed a two-headed ogre
  5595 | D:9      | Mangled by a two-headed ogre

Illustrated notes

Levels and vault maps discovered:
D:1:      matt_arrival_refuge, layout_loops_cross,
          dreamdust_ecumenical_altar_angels_and_demons, serial_forest,
          infiniplex_forest_end_1, infiniplex_forest_diagonal,
          infiniplex_forest_pool, infiniplex_forest_zigzag_1,
          infiniplex_forest_zigzag_1, roderic_lattice_a
D:2:      layout_loops_corners, uniq_terence
D:3:      layout_loops_cross
D:4:      layout_loops_cross, nicolae_specific_store
D:5:      layout_cave_pools, lemuel_coloured_pillars_altar,
          ebering_ghost_disaster_area
D:6:      layout_loops_ring, tgw_trog, minmay_temple_entry_arrows,
          nicolae_ossuary_entry_monument, serial_shops, shop
D:9:      layout_loops_ring, lemuel_mausoleum_altar_yredelemnul, serial_ice,
          serial_ice_o, serial_ice_c, serial_ice_f, serial_ice_n

Skill      XL: |  1  2  3  4  5  6  7  8 |
---------------+-------------------------+-----
Invocations    | 1 2 3 |  3.9
Short Blades   | 1 2 3 |  3.5
Long Blades    | 1 2 3 |  3.5
Axes           | 1 2 3 |  3.5
Maces & Flails | 1 2 3 |  3.5
Staves         | 1 2 3 |  3.5
Slings         | 1 2 3 |  3.5
Bows           | 1 2 3 |  3.5
Crossbows      | 1 2 3 |  3.5
Throwing       | 1 2 3 |  3.5
Stealth        | 1 2 3 |  3.5
Shields        | 1 2 3 |  3.5
Unarmed Combat | 1 2 3 |  3.5
Spellcasting   | 1 2 3 |  3.5
Evocations     | 1 2 3 |  3.5
Conjurations   | 1 2 |  2.9
Hexes          | 1 2 |  2.9
Summonings     | 1 2 |  2.9
Necromancy     | 1 2 |  2.9
Translocations | 1 2 |  2.9
Transmutations | 1 2 |  2.9
Fire Magic     | 1 2 |  2.9
Ice Magic      | 1 2 |  2.9
Air Magic      | 1 2 |  2.9
Earth Magic    | 1 2 |  2.9
Poison Magic   | 1 2 |  2.9
Armour         | 5 |  5.8
Dodging        | 5 |  5.8
Fighting       | 7 |  7.5
Polearms       | 7 |  7.5

Action                   |  1- 3 |  4- 6 |  7- 9 || total
-------------------------+-------+-------+-------++-------
Melee: Spear             |    96 |    46 |    34 ||   176
       Bite              |     4 |    12 |    11 ||    27
       War axe           |       |    70 |    44 ||   114
       Punch             |       |       |     1 ||     1
Throw: Dart              |       |    49 |    44 ||    93
Invok: Berserk           |     1 |     4 |     3 ||     8
       Trog's Hand       |       |       |     2 ||     2
  Use: Potion            |       |     2 |     2 ||     4
 Stab: Sleeping          |     1 |     5 |       ||     6
       Distracted        |     1 |       |       ||     1
Armor: Animal skin       |    11 |     7 |       ||    18
       Plate armour      |       |    36 |    55 ||    91
Dodge: Dodged            |    41 |    72 |    31 ||   144

Table legend: (Time is in decaauts)
 A = Elapsed time spent in this place.
 B = Non-inter-level travel time spent in this place.
 C = Inter-level travel time spent in this place.
 D = Time resting spent in this place.
 E = Time spent auto-exploring this place.
 F = Levels seen in this place.
 G = Mean time per level.
                   A        B        C        D        E       F      G
               +--------+--------+--------+--------+--------+-----+--------+
         Total |   5658 |   5526 |    132 |      0 |   4642 |   7 |  808.3 |
       Dungeon |   5658 |   5526 |    132 |      0 |   4642 |   7 |  808.3 |
               +--------+--------+--------+--------+--------+-----+--------+

Top non-repeatable levels by time:
     D:5: 1523 daAuts
     D:1: 1220 daAuts
     D:4: 1142 daAuts
     D:2: 1042 daAuts
     D:3: 568 daAuts
     D:6: 142 daAuts
     D:9: 18 daAuts
